 Dungeon Crawl Stone Soup version 0.14-a0-736-g2a71271 (webtiles) character file.

363 Malachi the Ruffian (level 5, 0/40 HPs)
             Began as a Draconian Transmuter on Nov 7, 2013.
             Slain by an orc priest
             ... wielding a +0,+2 orcish hand axe of flaming
              (3 damage)
             ... on Level 3 of the Dungeon.
             The game lasted 00:03:52 (3216 turns).

Malachi the Ruffian (Draconian Transmuter)          Turns: 3216, Time: 00:03:52

HP   0/40        AC  5     Str 12      XL: 5   Next: 25%
MP   7/7         EV 12     Int 15      God:
Gold 193         SH  0     Dex 11      Spells:  3 memorised,  2 levels left

Res.Fire  : . . .   See Invis. : .     - Unarmed
Res.Cold  : . . .   Warding    : .   (armour unavailable)
Life Prot.: . . .   Conserve   : .   (no shield)
Res.Poison: +       Res.Corr.  : .   (helmet restricted)
Res.Elec. : .       Clarity    : .   (no cloak)
Sust.Abil.: . .     Spirit.Shd : .   (no gloves)
Res.Mut.  : .       Stasis     : .   (no boots)
Res.Rott. : .       Flight     : .   (no amulet)
Saprovore : . . .                    o - ring of regeneration
                                     h - ring of poison resistance

@: slightly resistant to hostile enchantments, unstealthy
A: unfitting armour, AC +5
a: no special abilities


You were on level 3 of the Dungeon.
You were hungry.

You visited 1 branch of the dungeon, and saw 3 of its levels.

You collected 193 gold pieces.

Inventory:

Missiles
 b - 28 arrows
 l - 7 arrows of frost
Comestibles
 a - 3 bread rations
 f - 2 meat rations
 p - a chunk of gnoll flesh
Scrolls
 c - a scroll of fog {unknown}
 i - 4 scrolls of identify
 n - a scroll of enchant armour {unknown}
 q - 2 scrolls of blinking {unknown}
 r - a scroll of magic mapping {unknown}
Jewellery
 h - a ring of poison resistance (left hand)
 o - a ring of regeneration (right hand)
Potions
 e - a potion of magic {unknown}
 g - a potion of restore abilities {unknown}
 j - a potion of heal wounds {unknown}
 k - a potion of paralysis {unknown}
 m - a potion of curing
 s - a potion of mutation {unknown}
Books
 d - a book of Changes

   Spells                             Type                      Level
   *Beastly Appendage                 Transmutation                1
   *Sticks to Snakes                  Transmutation                2
   *Spider Form                       Transmutation/Poison         3
   Ice Form                           Ice/Transmutation            4
   Blade Hands                        Transmutation                5


   Skills:
 + Level 1.5 Fighting
 + Level 3.0 Dodging
 + Level 4.3 Unarmed Combat
 - Level 2.0 Spellcasting
 * Level 2.8 Transmutations
 * Level 1.6 Poison Magic


You had 2 spell levels left.
You knew the following spells:

 Your Spells              Type           Power        Failure   Level  Hunger
a - Beastly Appendage     Trmt           #.....       10%         1    #......
b - Sticks to Snakes      Trmt           #.........   12%         2    ###....
c - Spider Form           Trmt/Pois      #.........   30%         3    ####...


Dungeon Overview and Level Annotations

Branches:
Dungeon (3/27)

Altars:
the Shining One


Message History

* * * LOW HITPOINT WARNING * * *
Drink which item? (? for menu, Esc to quit)
You feel better.
It was a potion of curing.
You closely miss the orc priest.
The orc priest is heavily wounded.
The orc priest hits you with an orcish hand axe of flaming.
* * * LOW HITPOINT WARNING * * *
The orc priest burns you.
* * * LOW HITPOINT WARNING * * *
You are too injured to fight recklessly!
You are too injured to fight recklessly!
You barely miss the orc priest. You tail-slap the orc priest.
The orc priest is heavily wounded.
The orc priest invokes the aid of Beogh against you.
Something smites you!
* * * LOW HITPOINT WARNING * * *
You hit the orc priest. You tail-slap the orc priest.
The orc priest is almost dead.
The orc priest hits you with an orcish hand axe of flaming.
You die...

#.....##.####.#
#.....####....#
#.....# #....#
####### #...##
##.## . # #.#
o.#.#### #.# ..o
...# #.#
.?..##.##### #@#
#.....o..#####o#
$...##.###o......#
#......# #########
#.####.# # ..# ###


You could see an orc priest.

Vanquished Creatures
  A hound (D:3)
  An orc wizard (D:3)
  3 gnolls (D:3)
  4 adders
  A giant mite (D:3)
  3 orcs (D:3)
  5 bats
  12 goblins
  4 hobgoblins
  2 jackals (D:1)
  A giant cockroach (D:1)
  A giant newt (D:1)
  5 kobolds
  6 rats
49 creatures vanquished.

Vanquished Creatures (others)
  A jackal (D:1)
1 creature vanquished.

Grand Total: 50 creatures vanquished

Notes
Turn   | Place    | Note
--------------------------------------------------------------
     0 | D:1      | Malachi, the Draconian Transmuter, began the quest for the Orb.
     0 | D:1      | Reached XP level 1. HP: 16/16 MP: 1/1
   190 | D:1      | Reached XP level 2. HP: 10/23 MP: 3/3
  1419 | D:1      | Found a glowing golden altar of the Shining One.
  1822 | D:2      | Reached XP level 3. HP: 28/28 MP: 2/4
  1826 | D:2      | Learned a level 2 spell: Sticks to Snakes
  1830 | D:2      | Learned a level 3 spell: Spider Form
  2301 | D:3      | Reached skill level 4 in Unarmed Combat
  2438 | D:3      | Reached XP level 4. HP: 28/35 MP: 6/6
  2689 | D:3      | Reached skill level 1 in Poison Magic
  3129 | D:3      | Reached XP level 5. HP: 29/40 MP: 5/7
  3216 | D:3      | Slain by an orc priest

Action                   |  1- 3 |  4- 6 || total
-------------------------+-------+-------++-------
Melee: Unarmed           |   142 |    89 ||   231
 Cast: Beastly Appendage |     3 |     5 ||     8
  Use: Scroll            |       |     1 ||     1
       Potion            |       |     1 ||     1
